 Dungeon Crawl Stone Soup version 0.21-a0-140-g479285b (webtiles) character file.

278 Leszczynek the Shooter (level 6, -2/34 HPs)
             Began as a Deep Elf Hunter on July 19, 2017.
             Slain by a black bear (6 damage)
             ... on level 6 of the Dungeon.
             The game lasted 00:14:34 (2304 turns).

Leszczynek the Shooter (Deep Elf Hunter)            Turns: 2304, Time: 00:14:35

Health: -2/34      AC:  4    Str: 11    XL:     6   Next: 5%
Magic:  6/8        EV: 12    Int: 16    God:
Gold:   385        SH:  0    Dex: 15    Spells: 3/5 levels left

rFire    . . .     SeeInvis .   a - +1 shortbow
rCold    . . .     Gourm    .   (shield currently unavailable)
rNeg     . . .     Faith    .   c - +0 leather armour
rPois    .         Spirit   .   (no helmet)
rElec    .         Reflect  .   h - +0 cloak
rCorr    .         Harm     .   (no gloves)
MR       .....                  (no boots)
Stlth    ++........             q - amulet of rage
HPRegen  0.11/turn              (no ring)
MPRegen  0.11/turn              (no ring)

@: no status effects
A: no striking features
a: Evoke Berserk Rage


You were on level 6 of the Dungeon.
You were not hungry.

You visited 1 branch of the dungeon, and saw 6 of its levels.
You also visited: Ossuary.

You collected 385 gold pieces.

Inventory:

Hand Weapons
 a - a +1 shortbow (weapon)
 b - a +0 short sword
Missiles
 f - 19 arrows (quivered)
 r - 7 needles of confusion
Armour
 c - a +0 leather armour (worn)
 h - a +0 cloak (worn)
 t - a +0 ring mail
Jewellery
 q - an amulet of rage (around neck)
Wands
 g - a wand of random effects (30/48)
Scrolls
 i - a scroll of immolation {unknown}
 j - a scroll of teleportation {unknown}
 k - a scroll of remove curse {@r2}
 l - a scroll of fear {unknown}
 m - a scroll of magic mapping {unknown}
 w - a scroll of noise {unknown}
 y - a scroll of blinking {unknown}
Potions
 e - 2 potions of curing {@q1}
 n - 2 potions of brilliance
 o - 2 potions of mutation {unknown}
 p - a potion of flight {unknown}
 u - a potion of haste
 x - a potion of heal wounds {@q2}
 z - a potion of might {unknown}
 A - a potion of lignification {unknown}
Books
 s - a book of Debilitation

   Spells                             Type                      Level
   a - Corona                         Hexes                        1
   b - Slow                           Hexes                        2
   c - Inner Flame                    Hexes/Fire                   3
   d - Portal Projectile              Hexes/Translocation          3
   e - Cause Fear                     Hexes                        4
   f - Leda's Liquefaction            Hexes/Earth                  4
Comestibles
 d - a bread ration


   Skills:
 - Level 1.5 Fighting
 + Level 7.1 Bows
 - Level 2.4 Dodging
 - Level 1.2 Stealth
 - Level 4.0 Hexes


You had 3 spell levels left.
You knew the following spells:

 Your Spells              Type           Power        Failure   Level  Hunger
a - Slow                  Hex            ##......     10%         2    ###....


Dungeon Overview and Level Annotations

Branches:
Dungeon (6/15)
 Temple: D:4-7

Altars:
Gozag
Kikubaaqudgha
Trog

Annotations:
D:3 Leszczynek's ghost, amateur DEHu
D:6 exclusion: zombie, Gorglomux's ghost, novice GnHu


Message History

The black bear closely misses you.
Firing (i - inventory):
f - 21 arrows (quivered)
Press: ? - help, Shift-Dir - straight line, f/p - black bear
Aim: a black bear (almost dead, berserk, fast, unusually strong)
You shoot an arrow. The arrow barely misses the black bear.
The black bear bites you!
* * * LOW HITPOINT WARNING * * *
The black bear closely misses you. The black bear claws you.
* * * LOW HITPOINT WARNING * * *
The black bear closely misses you. The black bear claws you.
* * * LOW HITPOINT WARNING * * *
The black bear misses you.
Firing (i - inventory):
f - 20 arrows (quivered)
Press: ? - help, Shift-Dir - straight line, f/p - black bear
Aim: a black bear (almost dead, berserk, fast, unusually strong)
You shoot an arrow.
The arrow closely misses the black bear.
The black bear bites you but does no damage.
The black bear claws you.
You die...

# #..# #.# # #..#
#(# # #..# #.# #
#.<## #.# # #...#
#.# # ##..# #.# #
#..# #.# # #..#
#h###....o## #
#.(# #@##..>.>..#
# #.(#
#.##.......#
######..########.#
...>...
.......(.........#
.....
######..##########
#o..# #.(######
#'''# #.((....#
#o.)# ##.####.#
#o### #### #.#
##.#


You could see a black bear (berserk).

Vanquished Creatures
  2 orc priests
  A big kobold zombie (Ossuary)
  8 mummies (Ossuary)
  A howler monkey zombie (D:6)
  2 adders (D:3)
  2 adder zombies (D:1)
  A worm (D:3)
  3 dart slugs
  2 leopard geckos
  9 orcs
  A giant cockroach (D:3)
  5 goblins
  2 hobgoblins (D:1)
  3 jackals (D:3)
  A quokka (D:6)
  5 frilled lizards
  A gnoll zombie (Ossuary)
  2 hobgoblin zombies (Ossuary)
  2 kobolds (D:3)
  3 kobold zombies (Ossuary)
  An orc zombie (Ossuary)
  5 rats
62 creatures vanquished.

Notes
Turn   | Place    | Note
-------+----------+-------------------------------------------
     0 | D:1      | Leszczynek the Deep Elf Hunter began the quest for the Orb.
     0 | D:1      | Reached XP level 1. HP: 12/12 MP: 3/3
   190 | D:1      | Reached skill level 5 in Bows
   190 | D:1      | Reached XP level 2. HP: 16/16 MP: 4/4
   300 | D:2      | Found an ancient bone altar of Kikubaaqudgha.
   549 | D:2      | Reached XP level 3. HP: 19/20 MP: 5/5
   648 | D:3      | Reached skill level 6 in Bows
   675 | D:3      | Reached XP level 4. HP: 19/25 MP: 6/6
   988 | D:3      | Noticed Leszczynek's ghost (amateur DEHu)
  1123 | D:4      | Found a bloodstained altar of Trog.
  1125 | D:4      | Found an opulent altar of Gozag.
  1155 | D:5      | Entered Level 5 of the Dungeon
  1214 | D:6      | Noticed Gorglomux's ghost (novice GnHu)
  1298 | D:6      | Learned a level 2 spell: Slow
  1349 | D:6      | Noticed an orc warrior
  1357 | D:6      | Reached skill level 1 in Hexes
  1357 | D:6      | Reached XP level 5. HP: 28/29 MP: 7/7
  1412 | D:6      | Noticed an ogre
  1413 | D:6      | Noticed an orc warrior
  1430 | D:6      | Reached skill level 2 in Hexes
  1597 | D:6      | Found a sand-covered staircase.
  1601 | Ossuary  | Entered an ossuary
  1718 | Ossuary  | Reached skill level 3 in Hexes
  1771 | Ossuary  | HP: 4/29 [mummy (10)]
  1785 | Ossuary  | Reached skill level 4 in Hexes
  1831 | Ossuary  | Reached skill level 7 in Bows
  1871 | Ossuary  | Reached XP level 6. HP: 34/34 MP: 8/8
  2303 | D:6      | HP: 6/34 [black bear (1)]
  2304 | D:6      | Slain by a black bear

Vault maps used:
D:1:      saegor_arrival_fortress
D:2:      kiku_gazebo_pond_becter, nicolae_ru_the_path_less_chosen
D:3:      uniq_natasha
D:4:      nicolae_overflow_hidden_temple, kennysheep_cross_bottleneck,
          grunt_gozag_statues
D:5:      first_bread
D:6:      nicolae_ossuary_entry_false_entrances, minivault_1,
          kennysheep_windowed_goal
Ossuary:  ossuary_tomb_3

Skill      XL: |  1  2  3  4  5 |
---------------+----------------+-----
Bows           | 5 6 7 |  7.1
Hexes          | 1 4 |  4.0
Fighting       | |  1.5
Dodging        | |  2.4
Stealth        | |  1.2

Action                   |  1- 3 |  4- 6 || total
-------------------------+-------+-------++-------
Melee: Short sword       |    42 |    36 ||    78
 Fire: Shortbow          |    47 |   146 ||   193
 Cast: Slow              |       |     4 ||     4
  Use: Scroll            |       |     7 ||     7
       Potion            |       |     3 ||     3
 Stab: Sleeping          |     2 |       ||     2
       Invisible         |       |     1 ||     1
  Eat: Chunk             |       |     3 ||     3
       Bread ration      |       |     1 ||     1
Armor: Leather armour    |     9 |    13 ||    22
Dodge: Dodged            |    27 |    50 ||    77
